 Dungeon Crawl Stone Soup version 0.20-a0-760-g49f5558 (webtiles) character file.

308 polly the Covered (level 6, -4/38 HPs)
             Began as a Gargoyle Fighter on Feb 25, 2017.
             Was a Follower of Okawaru.
             Killed by divine providence
             ... invoked by an orc priest
              (14 damage)
             ... on level 4 of the Dungeon.
             The game lasted 00:03:18 (2623 turns).

polly the Covered (Gargoyle Fighter)                Turns: 2623, Time: 00:03:18

Health: -4/38      AC: 11    Str: 25    XL:     6   Next: 40%
Magic:  6/6        EV: 13    Int:  9    God:    Okawaru [*.....]
Gold:   116        SH: 10    Dex: 10    Spells: 5/5 levels left

rFire    . . .     SeeInvis .   a - +0 flail
rCold    . . .     Gourm    .   b - +0 scale mail
rNeg     + . .     Faith    .   c - +0 shield
rPois    ∞         Spirit   .   (no helmet)
rElec    +         Reflect  .   (no cloak)
rCorr    .         Harm     .   (no gloves)
MR       .....                  (no boots)
Stlth    ..........             (no amulet)
Regen    0.2/turn               (no ring)
MPRegen  0.1/turn               m - +5 ring of evasion

@: mighty
A: negative energy resistance 1, electricity resistance, unbreathing,
petrification resistance, rot immunity, AC +4
a: Heroism, Renounce Religion


You were on level 4 of the Dungeon.
You worshipped Okawaru.
Okawaru was aware of your devotion.
You were not hungry.

You visited 1 branch of the dungeon, and saw 4 of its levels.

You collected 116 gold pieces.

Inventory:

Hand Weapons
 a - a +0 flail (weapon)
Armour
 b - a +0 scale mail (worn)
 c - a +0 shield (worn)
Jewellery
 m - a +5 ring of evasion (left hand)
Scrolls
 e - 4 scrolls of identify {unknown}
 g - 3 scrolls of remove curse {unknown}
 n - a scroll of teleportation {unknown}
 o - 2 scrolls of amnesia {unknown}
Potions
 i - 3 potions of curing
 k - 2 potions of flight {unknown}
 l - a potion of agility {unknown}
Comestibles
 f - 3 bread rations
 h - 4 fruits
 j - a meat ration
 p - 6 chunks of flesh


   Skills:
 + Level 4.2 Fighting
 + Level 4.2 Maces & Flails
 + Level 4.6 Armour
 + Level 0.8 Dodging
 + Level 0.2 Stealth
 + Level 4.4 Shields


You had 5 spell levels left.
You didn't know any spells.

Dungeon Overview and Level Annotations

Branches:
Dungeon (4/15)
 Temple: D:4-7

Altars:
Okawaru

Annotations:
D:3 polly's ghost, amateur GrFi


Innate Abilities, Weirdness & Mutations

You are resistant to torment.
Your stone body is resilient. (AC +4)
You are immune to poison.
You resist negative energy. (rN+)
You are resistant to electric shocks. (rElec)
You can survive without breathing.
You are immune to petrification.
You are immune to rotting.


Message History

The magic dart hits you! The orc misses you.
The orc priest hits you but does no damage.
You closely miss the orc priest.
The orc priest looks encouraged for a moment.
You block the orc's attack.
The orc priest hits you but does no damage.
You sock the orc priest!
The orc priest is heavily wounded.
The orc wizard mumbles some strange words.
The orc wizard blinks!
The orc priest invokes the aid of Beogh against you.
Beogh smites you!
* * * LOW HITPOINT WARNING * * *
You block the orc's attack.
The orc priest hits you but does no damage. x2
It was a potion of curing.
You feel better. The orc hits you.
* * * LOW HITPOINT WARNING * * *
The orc priest calls down the wrath of Beogh upon you.
Beogh smites you!
You die...

#.......#.....#.....#
#.......#.....#.....########..
###.##### .>...........)......
....#######........$.o).......
####..........###.####...%##..
##..........# #.# #....#
#...........###o# ###....
#....)........oo# .....
##....[##..§...@.# .....#
..........).......# ######
##########).......# #......o.#
#........# #..........
######..... #...... ##


You could see 2 orc priests, an orc wizard and an orc.

Vanquished Creatures
  A hippogriff (D:4)
  An orc wizard (D:4)
  6 adders
  An ooze (D:3)
  2 worms (D:2)
  2 leopard geckos
  4 orcs (D:4)
  3 giant cockroaches
  3 goblins
  6 hobgoblins
  2 jackals (D:1)
  2 kobolds
  3 ball pythons
  2 bats (D:1)
  A frilled lizard (D:2)
  7 rats
46 creatures vanquished.

Notes
Turn   | Place    | Note
-------+----------+-------------------------------------------
     0 | D:1      | polly the Gargoyle Fighter began the quest for the Orb.
     0 | D:1      | Reached XP level 1. HP: 14/14 MP: 1/1
   147 | D:1      | Reached XP level 2. HP: 9/19 MP: 2/2
  1191 | D:2      | Reached XP level 3. HP: 23/23 MP: 3/3
  1396 | D:2      | Reached XP level 4. HP: 21/28 MP: 4/4
  1535 | D:2      | Found an iron altar of Okawaru.
  1573 | D:2      | Became a worshipper of Warmaster Okawaru
  2058 | D:3      | Noticed polly's ghost (amateur GrFi)
  2250 | D:4      | Noticed a hippogriff
  2265 | D:4      | Killed a hippogriff
  2265 | D:4      | Reached * piety under Okawaru
  2265 | D:4      | Reached XP level 5. HP: 7/33 MP: 5/5
  2265 | D:4      | Reached XP level 6. HP: 8/38 MP: 6/6
  2586 | D:4      | Got a scorched dagger
  2587 | D:4      | Identified the +4 dagger of Mandamus {venom, Int+5} (You found it on level 4 of the Dungeon)
  2623 | D:4      | Killed from afar by an orc priest

Vault maps used:
D:1:      dpeg_arrival_signposts, minmay_surrounded
D:2:      first_bread, okawaru_ov_weapons_minmay
D:3:      trog_three_pillars_becter
D:4:      minmay_diamond_boxcup, nicolae_ru_the_path_less_chosen

Skill      XL: |  1  2  3  4 |
---------------+-------------+-----
Maces & Flails | 4 |  4.2
Armour         | 4 |  4.6
Shields        | 4 |  4.4
Fighting       | 4 |  4.2
Dodging        | |  0.8
Stealth        | |  0.2

Action                   |  1- 3 |  4- 6 || total
-------------------------+-------+-------++-------
Melee: Flail             |   120 |    90 ||   210
  Use: Potion            |       |     2 ||     2
  Eat: Chunk             |     1 |     5 ||     6
Armor: Scale mail        |    65 |    54 ||   119
Dodge: Dodged            |    32 |    72 ||   104
Block: Shield            |    77 |    53 ||   130
